 Dungeon Crawl Stone Soup version 0.23-b1-75-g379dba2534 (webtiles) character file.

Game seed: 9110278940948509109

2989 MelsaHvarei the Spear-Bearer (level 9, 0/62 HPs)
             Began as a Merfolk Skald on Feb 6, 2019.
             Was a Believer of Hepliaklqana.
             Slain by a killer bee (6 damage)
             ... on level 8 of the Dungeon on Feb 7, 2019.
             The game lasted 00:20:36 (9607 turns).

MelsaHvarei the Spear-Bearer (Merfolk Skald)        Turns: 9607, Time: 00:20:38

Health: 0/62       AC: 10    Str: 16    XL:     9   Next: 83%
Magic:  18/18      EV: 16    Int: 13    God:    Hepliaklqana [**....]
Gold:   349        SH:  0    Dex: 20    Spells: 7/20 levels left

rFire    . . .     SeeInvis .   x - +0 halberd
rCold    . . .     Gourm    .   (shield currently unavailable)
rNeg     . . .     Faith    .   b - +0 leather armour
rPois    .         Spirit   .   i - +0 helmet
rElec    .         Reflect  .   J - +0 cloak
rCorr    .         Harm     .   w - +2 pair of gloves "Harokue" {Str+3}
MR       .....                  m - +1 pair of boots
Stlth    ++........             k - amulet of magic regeneration
HPRegen  0.20/turn              y - +6 ring of dexterity
MPRegen  0.41/turn              (no ring)

@: lethally poisoned (0 -> -6), about to teleport, singing
A: change form in water, swift swim, stealthy swim, reduced essence
a: Recall Ancestor, Ancestor Identity, Renounce Religion


You were on level 8 of the Dungeon.
You worshipped Hepliaklqana.
Hepliaklqana was pleased with you.
You were not hungry.

You visited 2 branches of the dungeon, and saw 9 of its levels.

You collected 349 gold pieces.

Inventory:

Hand Weapons
 n - a +0 trident
 s - a +0 spear of piercing
 x - a +0 halberd (weapon)
Armour
 b - a +0 leather armour (worn)
 i - a +0 helmet (worn)
 m - a +1 pair of boots (worn)
 o - a +1 pair of gloves
 w - the +2 pair of gloves "Harokue" (worn) {Str+3}
   (You found it on level 6 of the Dungeon)

   It affects your strength (+3).
 J - a +0 cloak (worn)
Jewellery
 k - an amulet of magic regeneration (around neck)
 u - an uncursed amulet of rage
 y - a +6 ring of dexterity (left hand)
Wands
 t - a wand of polymorph (9)
 C - a wand of iceblast (8)
Scrolls
 a - 3 scrolls of random uselessness
 e - 2 scrolls of noise
 f - 2 scrolls of teleportation
 j - 2 scrolls of remove curse
 p - a scroll of magic mapping
 D - a scroll of fog {unknown}
 F - 2 scrolls of identify
 G - a scroll of fear {unknown}
 H - a scroll of amnesia
 I - a scroll of enchant armour
 K - a scroll of summoning {unknown}
Potions
 c - a potion of invisibility
 g - a potion of lignification {unknown}
 h - a potion of haste {unknown}
 l - a potion of magic
 q - 2 potions of agility {unknown}
 r - 3 potions of curing
 v - a potion of berserk rage {unknown}
 z - a potion of flight {unknown}
 A - a potion of mutation {unknown}
 B - a potion of degeneration {unknown}
 E - a potion of might
Comestibles
 d - 8 rations


   Skills:
 - Level 6.0 Fighting
 + Level 10.5 Polearms
 - Level 0.6 Armour
 - Level 6.0 Dodging
 - Level 6.0 Spellcasting
 - Level 8.0 Charms


You had 7 spell levels left.
You knew the following spells:

 Your Spells              Type           Power        Failure   Level  Hunger
a - Infusion              Chrm           ###.         1%          1    None
b - Shroud of Golubria    Chrm/Tloc      ##........   6%          2    ##.....
c - Swiftness             Chrm/Air       ##......     6%          2    ##.....
d - Spectral Weapon       Hex/Chrm       ##......     12%         3    ###....
e - Song of Slaying       Chrm           ###.....     1%          2    ##.....
f - Regeneration          Chrm/Necr      ##........   12%         3    ###....

Your spell library contained the following spells:

 Spells                   Type           Power        Failure   Level  Hunger
 Animate Skeleton         Necr           N/A          21%         1    None
 Apportation              Tloc           #.....       21%         1    None
 Confusing Touch          Hex            #.....       21%         1    None
 Shock                    Conj/Air       #...         21%         1    None
 Summon Small Mammal      Summ           #...         21%         1    None
 Static Discharge         Conj/Air       #.......     52%         3    ###....
 Airstrike                Air            #.........   90%         4    ####...
 Lightning Bolt           Conj/Air       #.........   99%         5    ######.


Dungeon Overview and Level Annotations

Branches:
Dungeon (8/15)             Temple (1/1) D:4
   Lair: D:8-11

Altars:
Cheibriados
Dithmenos
Elyvilon
Fedhas
Gozag
Hepliaklqana
Kikubaaqudgha
Makhleb
Nemelex Xobeh
Okawaru
Qazlal
Ru
Sif Muna
Trog
Uskayaw
Vehumet
Wu Jian
Xom
Yredelemnul
The Shining One

Shops:
D:8 %


Message History

The killer bee stings you. The killer bee barely misses you.
The killer bee stings you.
Unknown command.
The killer bee rages.
The killer bee stings you! The killer bee barely misses you.
The killer bee stings you.
* * * LOW HITPOINT WARNING * * *
You are more poisoned.
The killer bee poisons you!
You feel sick.
The killer bee rages.
The killer bee closely misses you. x2; The killer bee completely misses you.
As you read the scroll of teleportation, it crumbles to dust.
You feel strangely unstable.
You feel sick. The killer bee completely misses you. The killer bee stings you.
* * * LOW HITPOINT WARNING * * *
The killer bee stings you!
* * * LOW HITPOINT WARNING * * *
The killer bee barely misses you. x2; The killer bee stings you.
You die...

########
#####################......##
....................'......>#
#######.#############.......#
........# ##########.......#
#######.####........#######.#####
..# #.#..'...yyyy.y..r.........
#.# #.#.##....@yy.###y†########
#.# #.#...#'#.##### ##........
#.# #.###.#.#.# #yy..#### #.##
#.......#.# #..#y##
#..####.###.###.# #..##.#
##..........# #.# #.##.#.#
#..###.##### #.########.#.#?#%#
#..# #....<# #...........#%#.#.
###.# #..######..##......###y#.#


You could see 7 killer bees and a quokka.

Vanquished Creatures
  Pikel (D:6)
  2 wargs (D:8)
  An orc warrior (D:6)
  A black bear (D:8)
  An ice beast (D:8)
  2 ogres
  A centaur (D:6)
  3 bullfrogs
  A gnoll sergeant (D:5)
  6 killer bees (D:8)
  A crimson imp (D:8)
  A bullfrog zombie (D:7)
  A centaur skeleton (D:6)
  3 orc priests
  2 bullfrog skeletons (D:4)
  4 orc wizards
  A worker ant (D:3)
  A hound zombie (D:7)
  Robin (D:2)
  A worker ant zombie (D:8)
  4 gnolls
  An adder (D:6)
  A shadow imp (D:6)
  An ooze (D:2)
  4 worms
  A dart slug (D:2)
  5 leopard geckos
  14 orcs
  2 bats (D:2)
  2 giant cockroaches
  13 goblins
  11 hobgoblins
  11 jackals
  4 kobolds
  4 quokkas
  4 frilled lizards
  2 quokka skeletons
  7 rats
126 creatures vanquished.

Vanquished Creatures (collateral kills)
  A warg (D:8)
  An ice beast (D:7)
  A sky beast (D:8)
  A scorpion (D:8)
  2 killer bees (D:8)
  A bullfrog zombie (D:6)
  A bullfrog skeleton (D:5)
  2 orc priests (D:8)
  A worker ant (D:5)
  A hound zombie (D:8)
  7 gnolls
  2 adders
  An adder zombie (D:6)
  A dart slug (D:5)
  2 leopard geckos
  4 orcs
  6 jackals
  A quokka (D:6)
36 creatures vanquished.

Vanquished Creatures (others)
  A knight (D:8)
  3 ancestors
  A spectral weapon (D:8)
5 creatures vanquished.

Grand Total: 167 creatures vanquished

Notes
Turn   | Place    | Note
-------+----------+-------------------------------------------
     0 | D:1      | MelsaHvarei the Merfolk Skald began the quest for the Orb.
     0 | D:1      | Reached XP level 1. HP: 16/16 MP: 3/3
   385 | D:1      | Reached XP level 2. HP: 22/22 MP: 5/5
   389 | D:1      | Learned a level 2 spell: Shroud of Golubria
   794 | D:2      | Reached skill level 4 in Polearms
   912 | D:2      | Reached XP level 3. HP: 21/27 MP: 6/6
   969 | D:2      | Found a glowing golden altar of the Shining One.
   981 | D:2      | Found a snail-covered altar of Cheibriados.
  1497 | D:2      | Noticed Robin
  1686 | D:2      | Reached XP level 4. HP: 11/33 MP: 0/7
  1694 | D:2      | Killed Robin
  2091 | D:2      | Reached skill level 5 in Polearms
  2814 | D:3      | Found a stormy altar of Qazlal.
  2820 | D:3      | Found a blossoming altar of Fedhas.
  3042 | D:3      | Reached XP level 5. HP: 38/38 MP: 0/8
  3092 | D:3      | Reached skill level 5 in Charms
  3870 | D:3      | Found a deep blue altar of Sif Muna.
  4254 | D:4      | Reached skill level 6 in Polearms
  4309 | D:4      | Reached XP level 6. HP: 24/44 MP: 3/9
  4465 | D:4      | Found a staircase to the Ecumenical Temple.
  4483 | Temple   | Entered the Ecumenical Temple
  4634 | D:4      | Reached skill level 7 in Polearms
  4871 | D:4      | Found a white marble altar of Elyvilon.
  4872 | D:4      | Found a shadowy altar of Dithmenos.
  4873 | D:4      | Found an ornate altar of the Wu Jian Council.
  4976 | D:4      | Found a hazy altar of Hepliaklqana.
  4991 | D:4      | Became a worshipper of Hepliaklqana the Forgotten
  5165 | D:5      | Entered Level 5 of the Dungeon
  5242 | D:5      | Reached XP level 7. HP: 42/45 MP: 10/10
  5407 | D:5      | Reached skill level 8 in Polearms
  5605 | D:5      | Found an opulent altar of Gozag.
  5963 | D:5      | Found an iron altar of Okawaru.
  5988 | D:5      | Found an iron altar of Okawaru.
  6597 | D:6      | Reached * piety under Hepliaklqana
  6663 | D:6      | Reached XP level 8. HP: 45/51 MP: 11/11
  6827 | D:6      | Got a pair of ichor-stained gloves
  6838 | D:6      | Identified the +2 pair of gloves "Harokue" {Str+3} (You
                  | found it on level 6 of the Dungeon)
  7445 | D:6      | Noticed Pikel
  7460 | D:6      | Killed Pikel
  7460 | D:6      | Reached skill level 5 in Fighting
  7888 | D:6      | Noticed a deep elf mage
  8408 | D:7      | Reached skill level 5 in Spellcasting
  8408 | D:7      | Reached XP level 9. HP: 42/62 MP: 16/16
  8598 | D:7      | Reached ** piety under Hepliaklqana
  8599 | D:7      | Remembered your ancestor Nirrim as a knight
  8977 | D:8      | Noticed a queen bee
  9088 | D:8      | Found Famumoywu's Food Boutique.
  9350 | D:8      | Reached skill level 9 in Polearms
  9358 | D:8      | Reached skill level 5 in Dodging
  9388 | D:8      | Reached skill level 10 in Polearms
  9420 | D:8      | Learned a level 2 spell: Swiftness
  9425 | D:8      | Learned a level 3 spell: Spectral Weapon
  9428 | D:8      | Learned a level 2 spell: Song of Slaying
  9432 | D:8      | Learned a level 3 spell: Regeneration
  9607 | D:8      | Slain by a killer bee

Skill      XL: |  1  2  3  4  5  6  7  8  9 |
---------------+----------------------------+-----
Polearms       | 4 5 6 7 8 10 | 10.5
Charms         | 4 5 6 8 |  8.0
Fighting       | 6 |  6.0
Spellcasting   | 5 6 |  6.0
Dodging        | 6 |  6.0
Armour         | |  0.6

Action                   |  1- 3 |  4- 6 |  7- 9 || total
-------------------------+-------+-------+-------++-------
Melee: Spear             |   145 |    66 |       ||   211
       Trident           |       |    99 |    94 ||   193
       Halberd           |       |       |   141 ||   141
       Tailslap          |       |       |     2 ||     2
 Cast: Shroud of Golubri |     3 |     9 |    11 ||    23
       Infusion          |     3 |     8 |     7 ||    18
       Song of Slaying   |       |       |     1 ||     1
       Spectral Weapon   |       |       |     1 ||     1
Invok: Ancestor Identity |       |     1 |       ||     1
       Ancestor Life: Kn |       |       |     1 ||     1
  Use: Scroll            |       |     8 |     5 ||    13
       Potion            |       |     6 |     2 ||     8
 Stab: Sleeping          |     5 |       |     2 ||     7
       Distracted        |       |       |     1 ||     1
  Eat: Chunk             |     2 |     7 |     7 ||    16
       Ration            |       |     2 |     2 ||     4
Armor: Leather armour    |    26 |    39 |    66 ||   131
Dodge: Dodged            |    58 |    76 |   143 ||   277
